 Dungeon Crawl Stone Soup version 0.29.0-7-g18a832c13a (webtiles) character file.

Game seed: 9062593548181566796

734 LabCoat the Cleaver (level 7, -4/61 HPs)
             Began as a Hill Orc Fighter on Aug 31, 2022.
             Slain by a gnoll
             ... wielding a +0 spear
             ... led by a gnoll sergeant
              (8 damage)
             ... on level 5 of the Dungeon.
             The game lasted 00:13:32 (4858 turns).

LabCoat the Cleaver (Hill Orc Fighter)              Turns: 4858, Time: 00:13:32

Health: -4/61      AC:  9    Str: 27    XL:     7   Next: 74%
Magic:  7/7        EV:  8    Int:  8    God:
Gold:   131        SH:  6    Dex: 10    Spells: 6/6 levels left

rFire   . . .      SeeInvis .   a - +0 war axe
rCold   . . .      Faith    .   d - +2 buckler
rNeg    . . .      Spirit   .   f - +0 chain mail
rPois   .          Reflect  .   (no helmet)
rElec   .          Harm     .   (no cloak)
rCorr   +          Rampage  .   (no gloves)
Will    .....                   (no boots)
Stlth   ..........              (no amulet)
HPRegen 0.20/turn               h - ring of resist corrosion
MPRegen 0.10/turn               m - +6 ring of strength

@: mighty, lethally poisoned (-4 -> -27)
A: no striking features
a: no special abilities


You were on level 5 of the Dungeon.
You visited 1 branch of the dungeon, and saw 5 of its levels.

You collected 131 gold pieces.

Inventory:

Hand Weapons
 a - a +0 war axe (weapon)
 k - a +0 morningstar
Missiles
 l - a poisoned dart (quivered)
Armour
 d - a +2 buckler (worn)
 f - a +0 chain mail (worn)
Jewellery
 h - a ring of resist corrosion (left hand)
 m - a +6 ring of strength (right hand)
 n - a ring of poison resistance
Wands
 g - a wand of mindburst (3)
Scrolls
 c - a scroll of summoning
 i - 2 scrolls of amnesia
 j - a scroll of magic mapping
Potions
 e - a potion of curing
 o - a potion of flight
 q - a potion of resistance {unknown}


   Skills:
 + Level 5.6 Fighting
 * Level 8.8 Axes
 + Level 0.4 Throwing
 + Level 4.1 Armour
 + Level 0.4 Dodging
 + Level 4.1 Shields
 + Level 0.5 Evocations


You had 6 spell levels left.
You didn't know any spells.
Your spell library contained the following spells:

 Spells                   Type           Power      Damage    Failure   Level
 Beastly Appendage        Tmut           0%         N/A       97%         1
 Foxfire                  Conj/Fire      0%         2x1d4     97%         1
 Wereblood                Tmut           0%         N/A       99%         2
 Conjure Flame            Conj/Fire      0%         6-21      100%        3
 Inner Flame              Hex/Fire       0%         N/A       100%        3
 Spider Form              Tmut/Pois      0%         N/A       100%        3
 Summon Guardian Golem    Hex/Summ       0%         N/A       100%        3
 Flame Wave               Conj/Fire      0%         2d4       100%        4
 Orb of Destruction       Conj           0%         9d5       100%        7
 Spellforged Servitor     Conj/Summ      0%         N/A       100%        7


Dungeon Overview and Level Annotations

Branches:
Dungeon (5/15)
 Temple: D:4-7

Altars:
Ashenzari
Makhleb
The Shining One

Annotations:
D:4 3 runed translucent doors, Tali's ghost, amateur DsBe


Message History

You kill the gnoll!
The gnoll barely misses you.
A gnoll sergeant and a gnoll come into view.
The gnoll sergeant is wielding a +1 trident of venom.
Found a book of Cantrips.
The gnoll shouts!
The gnoll closely misses you.
Items here: (( ) †.
The gnoll closely misses you. You block the gnoll sergeant's attack.
The gnoll hits you but does no damage. x2
You slash the gnoll!
The gnoll is severely wounded.
You closely miss the gnoll. You slash the gnoll!
The gnoll sergeant barely misses you.
The gnoll hits you but does no damage. x3
You barely miss the gnoll.
The gnoll is severely wounded.
You completely miss the gnoll. You closely miss the gnoll.
The gnoll sergeant closely misses you. The gnoll hits you with a +0 spear.
You block the gnoll's attack. The gnoll misses you.
You closely miss the gnoll.
The gnoll is severely wounded.
You hit the gnoll. You barely miss the gnoll. You block the gnoll's attack.
The gnoll hits you but does no damage.
The gnoll sergeant hits you from afar with a +1 trident of venom!
You are poisoned.
You block the gnoll's attack.
Okay, then.
Okay, then.
You feel very mighty all of a sudden.
You feel very sick. The gnoll hits you with a +0 spear.
The gnoll sergeant hits you from afar with a +1 trident of venom!
* * * LOW HITPOINT WARNING * * *
You are lethally poisoned!
The gnoll hits you but does no damage. The gnoll closely misses you.
The gnoll attacks as you move away! The gnoll hits you with a +0 spear.
* * * LOW HITPOINT WARNING * * *
x2 You feel extremely sick.
The gnoll hits you from afar with a +0 spear!
You die...

#### ####
#######.....
...
#..@g.......
#.###.##.g.##.#
#.....##g..# ##
##....##.g(# .
#.....##..:# .
#.....##...# .
#.##.....###.##
# #........# .#
# #####....# .#
#


You could see a gnoll sergeant and 3 gnolls.

Vanquished Creatures
  A sky beast (D:3)
  A phantom (D:4)
  4 electric eels (D:4)
  2 hounds (D:4)
  An orc priest (D:4)
  A gnoll bouda (D:5)
  An iguana (D:5)
  2 orc wizards (D:4)
  5 gnolls (D:5)
  7 adders
  2 worms
  2 dart slugs
  14 orcs
  4 bats
  6 endoplasms
  3 giant cockroaches
  11 goblins
  8 hobgoblins
  4 jackals (D:5)
  8 quokkas
  6 ball pythons
  2 frilled lizards (D:3)
  5 kobolds
  4 rats
104 creatures vanquished.

Vanquished Creatures (others)
  A plant (D:4)
1 creature vanquished.

Grand Total: 105 creatures vanquished

Notes
Turn   | Place    | Note
-------+----------+-------------------------------------------
     0 | D:1      | LabCoat the Hill Orc Fighter began the quest for the Orb.
     0 | D:1      | Reached XP level 1. HP: 19/19 MP: 1/1
    10 | D:1      | Noticed a minotaur skeleton
   117 | D:1      | Reached skill level 3 in Axes
   117 | D:1      | Reached XP level 2. HP: 9/27 MP: 2/2
   980 | D:2      | Found a faded altar of an unknown god.
  1045 | D:2      | Found a burning altar of Makhleb.
  1110 | D:2      | Reached XP level 3. HP: 33/33 MP: 3/3
  1166 | D:2      | Reached skill level 4 in Axes
  1746 | D:3      | Reached XP level 4. HP: 40/40 MP: 4/4
  1939 | D:3      | Noticed a sky beast
  1957 | D:3      | Killed a sky beast
  1958 | D:3      | Reached skill level 6 in Axes
  1958 | D:3      | Reached XP level 5. HP: 23/46 MP: 5/5
  2689 | D:4      | Reached XP level 6. HP: 44/53 MP: 6/6
  2839 | D:4      | Found a broken altar of Ashenzari.
  3068 | D:4      | Found a transporter.
  3075 | D:4      | Found a transporter.
  3456 | D:4      | Reached skill level 5 in Fighting
  3456 | D:4      | Reached skill level 7 in Axes
  3659 | D:4      | Reached XP level 7. HP: 52/61 MP: 7/7
  3916 | D:4      | Reached skill level 8 in Axes
  3935 | D:4      | Found a runed translucent gate.
  3935 | D:4      | Found a runed translucent gate.
  3935 | D:4      | Found a runed translucent gate.
  3938 | D:4      | Noticed Tali's ghost (amateur DsBe)
  4261 | D:4      | Found a glowing golden altar of the Shining One.
  4467 | D:5      | Entered Level 5 of the Dungeon
  4858 | D:5      | Slain by a gnoll

Illustrated notes

Levels and vault maps discovered:
D:1:      shiori_arrival_whats_in_store_for_you, layout_basic, serial_rivers,
          chequers_serial_rivers_large_b, chequers_serial_rivers_small_b,
          chequers_serial_rivers_room_a, chequers_serial_rivers_micro_d
D:2:      layout_basic, shapermc_ecumenical_altar_pompeii, basic_altar
D:3:      layout_basic, serial_corexii_hall, corexii_hall_statues_i,
          chequers_hall_statues_y
D:4:      gammafunk_steamed_eel, layout_loops_ring,
          nicolae_overflow_crystal_walls, mainiacjoe_overflow_brackets,
          ebering_ghost_rock_garden, kennysheep_minor_cross
D:5:      layout_loops_ring, nzn_wu_jian_council_hall, chequers_jeans

Skill      XL: |  1  2  3  4  5  6  7 |
---------------+----------------------+-----
Axes           | 3 4 6 7 8 |  8.8
Fighting       | 4 5 |  5.6
Shields        | 4 |  4.1
Armour         | 4 |  4.1
Throwing       | |  0.4
Dodging        | |  0.4
Evocations     | |  0.5

Action                   |  1- 3 |  4- 6 |  7- 9 || total
-------------------------+-------+-------+-------++-------
Melee: War axe           |    87 |   121 |    58 ||   266
Throw: Dart              |     5 |     7 |     5 ||    17
Evoke: Wand              |       |     4 |    19 ||    23
  Use: Scroll            |     5 |     3 |       ||     8
       Potion            |     1 |     3 |     1 ||     5
Armor: Scale mail        |    46 |    51 |     6 ||   103
       Chain mail        |       |       |    14 ||    14
Dodge: Dodged            |    53 |    38 |    31 ||   122
Block: Buckler           |    22 |    38 |    19 ||    79
